 Dungeon Crawl Stone Soup version 0.27.1-34-g3ba077fa99 (webtiles) character file.

Game seed: 3008617952825439097

638194 Delamore the Ninja (level 27, -10/201 HPs)
             Began as an Octopode Brigand on Jan 16, 2022.
             Was an Initiate of Gozag.
             Mangled by an emperor scorpion (20 damage)
             ... summoned by a royal mummy
             ... on level 1 of the Tomb of the Ancients.
             The game lasted 02:06:01 (79018 turns).

Delamore the Ninja (Octopode Brigand)              Turns: 79018, Time: 02:06:01

Health: -10/201    AC:  7    Str: 19      XL:     27
Magic:  0/39       EV: 30    Int: 19      God:    Gozag
Gold:   3029       SH: 12    Dex: 18 (20) Spells: 45/50 levels left

rFire    + + +     SeeInvis +   J - +9 quick blade (elec)
rCold    + + +     Faith    .   U - +3 warlock's mirror {reflect}
rNeg     + + +     Spirit   +   F - +2 hat of the Bear Spirit {Spirit, +Rage rN+ Will++}
rPois    +         Reflect  +   i - amulet of regeneration
rElec    +         Harm     .   T - ring of Cyasaduc {rF+ rC+ rN+ Str+4}
rCorr    +         Rampage  .   S - +4 ring of protection
Will     +++++                  u - ring "Orohy" {rPois rF+++ rN++ Str+2 Int-4} Stlth **++++++++
                                N - ring "Ujurot" {rPois Will+ Stlth+}
HPRegen  1.43/turn              V - ring "Irhyiciy" {rElec EV+4}
MPRegen  0.26/turn              k - ring of see invisible
                                j - ring "Jog Roup" {+Blink rCorr Int+2}
                                A - ring "Paqarura" {rF+ rC++ Int+4}

@: mighty, brilliant, lethally poisoned (-10 -> -43), hasted and slowed,
studying Throwing
A: almost no armour, amphibious, 8 rings, camouflage 1, gelatinous body 1,
(nimble swimmer 1), tentacles, subdued magic 1
}: 3/15 runes: barnacled, silver, gossamer
a: Renounce Religion, Evoke Blink, Evoke Berserk Rage, Potion Petition, Call
Merchant, Bribe Branch


You were on level 1 of the Tomb of the Ancients.
You worshipped Gozag.
Gozag was most pleased with you.
You visited 13 branches of the dungeon, and saw 51 of its levels.
You also visited: Ossuary, Gauntlet, Ice Cave and Wizlab.

You collected 34441 gold pieces.
You spent 10510 gold pieces at shops.
You paid 20902 gold pieces to Gozag.

Inventory:

Hand Weapons
 J - a +9 quick blade of electrocution (weapon)
Missiles
 f - 50 javelins
 o - 35 silver javelins (quivered)
 x - 11 throwing nets
 Y - 9 boomerangs of dispersal
Armour
 F - the +2 hat of the Bear Spirit (worn) {Spirit, +Rage rN+ Will++}
   (You bought it in a shop on level 4 of the Dungeon)

   rN:        It protects you from negative energy.
   +Rage:     It lets you go berserk.
   Will:      It greatly increases your willpower.
 U - the +3 warlock's mirror (worn) {reflect}
   (You bought it in a shop on level 2 of the Orcish Mines)

   It can block and reflect piercing ranged attacks and magical attacks against
   the wielder's willpower.
Jewellery
 i - an amulet of regeneration (around mantle)
 j - the ring "Jog Roup" (on tentacle) {+Blink rCorr Int+2}
   (You found it in a wizard's laboratory)

   [ring of resist corrosion]

   Int:       It affects your intelligence (+2).
   +Blink:    It lets you blink.
   rCorr:     It protects you from acid and corrosion.
 k - a ring of see invisible (on tentacle)
 u - the ring "Orohy" (on tentacle) {rPois rF+++ rN++ Str+2 Int-4}
   (You bought it in a shop on level 3 of the Lair of Beasts)

   [ring of poison resistance]

   Str:       It affects your strength (+2).
   Int:       It affects your intelligence (-4).
   rF:        It renders you almost immune to fire.
   rPois:     It protects you from poison.
   rN:        It greatly protects you from negative energy.
 y - a +4 ring of protection
 A - the ring "Paqarura" (on tentacle) {rF+ rC++ Int+4}
   (You bought it in a shop on level 2 of the Lair of Beasts)

   [ring of protection from fire]

   Int:       It affects your intelligence (+4).
   rF:        It protects you from fire.
   rC:        It greatly protects you from cold.
 N - the ring "Ujurot" (on tentacle) {rPois Will+ Stlth+}
   (You found it on level 1 of the Spider Nest)

   [ring of poison resistance]

   rPois:     It protects you from poison.
   Will:      It increases your willpower.
   Stlth:     It makes you more stealthy.
 S - a +4 ring of protection (right tentacle)
 T - the ring of Cyasaduc (left tentacle) {rF+ rC+ rN+ Str+4}
   (You acquired it on level 2 of the Depths)

   [ring of positive energy]

   Str:       It affects your strength (+4).
   rF:        It protects you from fire.
   rC:        It protects you from cold.
   rN:        It protects you from negative energy.
 V - the ring "Irhyiciy" (on tentacle) {rElec EV+4}
   (You bought it in a shop on level 4 of the Dungeon)

   [ring of evasion]

   EV:        It affects your evasion (+4).
   rElec:     It insulates you from electricity.
Wands
 m - a wand of iceblast (77)
 s - a wand of paralysis (23)
 t - a wand of digging (2)
 L - a wand of charming (16)
 O - a wand of acid (25)
 Q - a wand of mindburst (11)
 X - a wand of flame (81)
Scrolls
 a - 7 scrolls of fog
 e - 8 scrolls of enchant weapon
 r - 28 scrolls of teleportation
 z - 7 scrolls of magic mapping
 C - 3 scrolls of brand weapon
 E - a scroll of silence
 I - 6 scrolls of immolation
 R - a scroll of holy word
 W - 3 scrolls of summoning
 Z - 10 scrolls of fear
Potions
 c - 2 potions of ambrosia
 g - 4 potions of invisibility
 l - 5 potions of magic
 n - 4 potions of resistance
 p - 4 potions of heal wounds
 q - 14 potions of haste
 v - 11 potions of curing
 w - 11 potions of might
 D - 10 potions of mutation
 H - 6 potions of flight
 K - 4 potions of berserk rage
 P - 10 potions of cancellation
Miscellaneous
 b - a tin of tremorstones (2/2)
 d - a condenser vane (inert)
 G - a phantom mirror
 M - a phial of floods


   Skills:
 + Level 19.8 Fighting
 - Level 14.0 Short Blades
 + Level 17.3 Throwing
 + Level 19.8 Dodging
 O Level 27 Stealth
 + Level 17.5 Shields
 - Level 12.2 Spellcasting
 - Level 10.0 Translocations
 - Level 20.0 Evocations


You had 45 spell levels left.
You knew the following spells:

 Your Spells              Type           Power      Damage    Failure   Level
a - Blink                 Tloc           N/A        N/A       1%          2
b - Lesser Beckoning      Tloc           27%        N/A       1%          3

Your spell library contained the following spells:

 Spells                   Type           Power      Damage    Failure   Level
 Apportation              Tloc           100%       N/A       1%          1
 Gell's Gravitas          Tloc           27%        N/A       1%          3
 Portal Projectile        Hex/Tloc       70%        N/A       1%          3
 Teleport Other           Tloc           55%        N/A       1%          3
 Passage of Golubria      Tloc           N/A        N/A       1%          4
 Manifold Assault         Tloc           55%        N/A       1%          5
 Animate Skeleton         Necr           26%        N/A       4%          1
 Corona                   Hex            14%        N/A       4%          1
 Foxfire                  Conj/Fire      52%        2x1d6     4%          1
 Freeze                   Ice            52%        1d7       4%          1
 Pain                     Necr           52%        1d6       4%          1
 Shock                    Conj/Air       52%        1d6       4%          1
 Sting                    Tmut/Pois      52%        1d5       4%          1
 Summon Small Mammal      Summ           52%        N/A       4%          1
 Corpse Rot               Necr/Air       N/A        N/A       7%          2
 Ensorcelled Hibernation  Hex/Ice        26%        N/A       7%          2
 Passwall                 Tmut/Erth      10%        N/A       7%          2
 Poisonous Vapours        Pois/Air       26%        N/A       7%          2
 Slow                     Hex            13%        N/A       7%          2
 Static Discharge         Conj/Air       13%        N/A       7%          2
 Sublimation of Blood     Necr           6%         N/A       7%          2
 Dispersal                Tloc           27%        N/A       13%         6
 Call Canine Familiar     Summ           13%        N/A       16%         3
 Confusing Touch          Hex            13%        N/A       16%         3
 Conjure Flame            Conj/Fire      13%        6-21      16%         3
 Frozen Ramparts          Ice            26%        1d4       16%         3
 Inner Flame              Hex/Fire       13%        N/A       16%         3
 Ozocubu's Armour         Ice            13%        N/A       16%         3
 Stone Arrow              Conj/Erth      26%        3d8       16%         3
 Summon Guardian Golem    Hex/Summ       13%        N/A       16%         3
 Swiftness                Air            13%        N/A       16%         3
 Tukima's Dance           Hex            13%        N/A       16%         3
 Vampiric Draining        Necr           6%         2d6       16%         3
 Airstrike                Air            6%         N/A       47%         4
 Animate Dead             Necr           6%         N/A       47%         4
 Dispel Undead            Necr           13%        3d9       47%         4
 Hailstorm                Conj/Ice       13%        3d5       47%         4
 Ice Form                 Ice/Tmut       13%        N/A       47%         4
 Leda's Liquefaction      Hex/Erth       6%         N/A       47%         4
 Olgreb's Toxic Radiance  Pois           13%        N/A       47%         4
 Petrify                  Tmut/Erth      13%        N/A       47%         4
 Sticky Flame             Conj/Fire      13%        2d4       47%         4
 Summon Ice Beast         Ice/Summ       13%        N/A       47%         4
 Summon Lightning Spire   Summ/Air       13%        N/A       47%         4
 Agony                    Necr           13%        N/A       83%         5
 Alistair's Intoxication  Tmut/Pois      8%         N/A       83%         5
 Blade Hands              Tmut           6%         N/A       83%         5
 Bolt of Magma            Conj/Fire/Erth 6%         4d6       83%         5
 Borgnjor's Vile Clutch   Necr/Erth      6%         N/A       83%         5
 Excruciating Wounds      Necr           6%         N/A       83%         5
 Fireball                 Conj/Fire      6%         3d5       83%         5
 Freezing Cloud           Conj/Ice/Air   6%         6-21      83%         5
 Irradiate                Conj/Tmut      6%         3d16      83%         5
 Iskenderun's Battlesphe  Conj           13%        2d7       83%         5
 Metabolic Englaciation   Hex/Ice        6%         N/A       83%         5
 Silence                  Hex/Air        6%         N/A       83%         5
 Yara's Violent Unravell  Hex/Tmut       6%         3d5       83%         5
 Malign Gateway           Summ/Tloc      17%        N/A       99%         7
 Disjunction              Tloc           27%        N/A       99%         8
 Conjure Ball Lightning   Conj/Air       6%         3x3d6     100%        6
 Eringya's Noxious Bog    Tmut/Pois      6%         N/A       100%        6
 Invisibility             Hex            6%         N/A       100%        6
 Iron Shot                Conj/Erth      6%         9d2       100%        6
 Simulacrum               Ice/Necr       6%         N/A       100%        6
 Starburst                Conj/Fire      6%         6d4       100%        6
 Statue Form              Tmut/Erth      8%         N/A       100%        6
 Haunt                    Necr/Summ      6%         N/A       100%        7
 Orb of Destruction       Conj           6%         9d3       100%        7
 Ozocubu's Refrigeration  Ice            6%         4d6       100%        7
 Spellforged Servitor     Conj/Summ      6%         N/A       100%        7
 Storm Form               Tmut/Air       6%         N/A       100%        7
 Borgnjor's Revivificati  Necr           6%         N/A       100%        8
 Discord                  Hex            6%         N/A       100%        8
 Ignition                 Fire           6%         3d4       100%        8
 Infestation              Necr           6%         N/A       100%        8
 Lehudib's Crystal Spear  Conj/Erth      6%         10d3      100%        8
 Maxwell's Capacitive Co  Air            6%         ∞         100%        8
 Summon Horrible Things   Summ           6%         N/A       100%        8
 Chain Lightning          Conj/Air       6%         3d8       100%        9
 Death's Door             Necr           6%         N/A       100%        9
 Fire Storm               Conj/Fire      6%         8d2       100%        9
 Polar Vortex             Ice            6%         N/A       100%        9
 Animate Armour           Summ/Erth      Unusable   N/A       N/A         4

Dungeon Overview and Level Annotations

Branches:
Dungeon (15/15)            Temple (1/1) D:6            Lair (6/6) D:11
 Shoals (4/4) Lair:2       Spider (4/4) Lair:3        Slime (1/5) Lair:5
    Orc (2/2) D:11            Elf (3/3) Orc:2        Vaults (5/5) D:13
  Crypt (3/3) Vaults:2       Tomb (1/3) Crypt:3      Depths (5/5) D:15
    Zot (1/5) Depths:5    Ossuary (visited)           IceCv (visited)
 WizLab (visited)         Gauntlet (visited)

Altars:
Ashenzari
Cheibriados
Dithmenos
Elyvilon
Fedhas
Gozag
Hepliaklqana
Kikubaaqudgha
Nemelex Xobeh
Okawaru
Qazlal
Ru
Sif Muna
Trog
Uskayaw
Vehumet
Wu Jian
Xom
Yredelemnul
Zin
The Shining One
Beogh

Shops:
D:4 ![*=*   D:5 :   D:7 !((   D:9 *?::   D:10 :   D:13 *   Orc:1 *
Orc:2 [[(?*   Elf:1 ??   Elf:2 :*   Lair:2 =   Lair:3 (?=   Shoals:1 *
Shoals:2 [   Shoals:4 ?*   Vaults:3 !   Vaults:4 (   Vaults:5 *!!!!
Depths:3 (

Portals:
Hell: Depths:1 Depths:2 Depths:3 Depths:4 Depths:5
Abyss: Depths:2 Depths:3 Depths:4
Pandemonium: Depths:1 Depths:3 Depths:4
Ziggurat: Depths:1


Innate Abilities, Weirdness & Mutations

You cannot wear most types of armour.
You are amphibious.
You can wear up to eight rings at the same time.
Your skin changes colour to match your surroundings (Stealth+).
Your rubbery body absorbs attacks. (AC +1, EV +1)
((You are camouflaged near water. (Stealth+)))
You have tentacles for arms and can constrict up to eight enemies at once.
Your spells are a little easier to cast, but a little less powerful.


Message History

Your body is wracked with pain!
* * * LOW HITPOINT WARNING * * *
The emperor scorpion convulses! x5; The emperor scorpion misses you.
The emperor scorpion claws you.
* * * LOW HITPOINT WARNING * * *
The emperor scorpion completely misses you.
The emperor scorpion stings you but does no damage.
The emperor scorpion claws you.
* * * LOW HITPOINT WARNING * * *
The emperor scorpion barely misses you.
The emperor scorpion closely misses you.
You block the emperor scorpion's attack.
The emperor scorpion claws you.
* * * LOW HITPOINT WARNING * * *
You block the emperor scorpion's attack.
The emperor scorpion closely misses you.
The emperor scorpion completely misses you.
The emperor scorpion misses you. x2
The emperor scorpion completely misses you.
Okay, then. [a] - 460 gold - might, brilliance, haste and heal wounds [b] - 312 gold - heal wounds, curing and berserk rage [c] - 450 gold - resistance, might and brilliance Purchase which effect? [a] - 460 gold - might, brilliance, haste and heal wounds [b] - 312 gold - heal wounds, curing and berserk rage [c] - 450 gold - resistance, might and brilliance Purchase which effect?
You feel very mighty all of a sudden.
You feel more clever all of a sudden.
You feel as though your hastened speed will last longer.
You feel much better.
You constrict the royal mummy!
* * * LOW HITPOINT WARNING * * *
You feel extremely sick.
The royal mummy is lost in a daze.
You block the emperor scorpion's attack.
The emperor scorpion misses you.
The emperor scorpion closely misses you.
The emperor scorpion stings you!!
You die...
Your body crumbles into a pile of gold.

########################
........................
............$$..........
.........................
.........................
..........ss$......$........
....M....MM@$..[...(.....?..
...⌠.⌠....sss$$.$..(........
..........4..$.....(.....$^.
...........$.......(..$.....
..................)....$....
...8...8..$.......(....$.....
........$$...$............$..
#......$##################..
#.8...8.# #..


You could see a royal mummy (dazed), 5 emperor scorpions, 2 mummy priests and an
ice devil (summoned, dazed).

Vanquished Creatures
  3 dread liches
  3 ancient liches
  Mara (Spider:4)
  A juggernaut (Depths:5)
  A royal mummy (Crypt:3)
  Sojobo (Crypt:2)
  Saint Roka (Depths:5)
  Margery (Vaults:3)
  Nikola (Spider:4)
  5 golden dragons
  Jory (Depths:2)
  Arachne (Spider:4)
  A shard shrike zombie (Crypt:1)
  Rupert (Lair:4)
  9 tentacled monstrosities
  3 deep elf blademasters (Elf:3)
  A moon troll (WizLab)
  7 titans
  3 quicksilver dragons
  2 liches
  3 deep elf master archers (Elf:3)
  The ghost of AtomicRavioli the Warrior, an adept OgFi of Makhleb (Shoals:3)
  2 death cobs (Zot:1)
  Frances (Spider:1)
  Kirke (Spider:2)
  12 sphinxes
  The ghost of Stajl the Warrior, an adept MiFi of Trog (Depths:1)
  Polyphemus (Shoals:3)
  8 tentacled starspawn (WizLab)
  5 shadow dragons
  Ilsuiw (Shoals:4)
  7 tengu reavers
  2 revenants
  5 storm dragons
  Donald (Spider:4)
  15 fire giants
  4 iron dragons
  An orc warlord (Orc:2)
  5 emperor scorpions
  8 deep elf sorcerers
  6 frost giants
  3 draconian scorchers
  15 vault wardens
  7 ghost moths
  7 deep elf elementalists (Elf:3)
  2 draconian annihilators (Zot:1)
  A cacodemon (WizLab)
  2 draconian shifters
  3 curse skulls
  18 ironbound preservers
  2 draconian stormcallers
  37 very ugly things
  A spriggan defender (Depths:3)
  9 vampire knights
  4 war gargoyles
  8 reapers
  4 starcursed masses (WizLab)
  23 stone giants
  A juggernaut skeleton (Depths:3)
  4 black draconians
  4 green draconians (Zot:1)
  2 bennus (Tomb:1)
  9 dire elephants
  4 deep elf demonologists
  12 deep elf annihilators
  A minotaur (shapeshifter) (Vaults:5)
  8 red draconians (Zot:1)
  2 white draconians
  3 purple draconians
  9 spark wasps
  20 eidola
  3 yellow draconians
  A minotaur (Gauntlet)
  9 deep elf death magi
  3 entropy weavers
  7 jiangshi
  A mummy priest (Tomb:1)
  8 merfolk impalers
  8 merfolk javelineers
  14 ettins
  15 ice dragons
  11 fire dragons
  20 vault guards
  10 deep elf high priests
  15 great orbs of eyes
  3 catoblepae
  15 hydras
  9 rakshasas
  A quicksilver dragon skeleton (Crypt:3)
  14 yaktaur captains
  10 ironbound thunderhulks
  13 ironbound frosthearts
  2 peacekeepers
  Erica (Lair:1)
  An ogre mage (Vaults:2)
  6 spriggan air magi
  A merfolk avatar (Shoals:1)
  9 boulder beetles
  2 alligator snapping turtles (Shoals:4)
  16 centaur warriors
  A death knight (Crypt:2)
  5 two-headed ogres
  9 deep troll shamans
  14 death yaks
  12 deep troll earth magi
  10 merfolk aquamancers
  9 tengu warriors
  2 titan zombies (Crypt:3)
  7 death scarabs
  2 orc high priests (Orc:1)
  A satyr (Shoals:2)
  13 vampire magi
  7 ironbound beastmasters
  7 spriggan berserkers
  13 hell knights
  A storm dragon zombie (Crypt:2)
  2 wretched stars (WizLab)
  2 spriggans
  13 skeletal warriors
  5 soul eaters
  18 deep elf knights
  26 sea snakes
  A salamander mystic (Depths:3)
  2 spark wasp zombies
  A fire crab (Gauntlet)
  6 shadow wraiths
  A spectral death yak (Gauntlet)
  8 iron trolls
  A golden dragon zombie (Crypt:3)
  49 deep trolls
  2 spectral hydras (Gauntlet)
  4 glowing orange brains
  11 flayed ghosts
  A sea snake (shapeshifter) (Vaults:4)
  An orange crystal statue (WizLab)
  A kraken simulacrum (Shoals:4)
  22 ironbound convokers
  A shadow dragon zombie (Crypt:3)
  5 orc knights
  A golden dragon skeleton (Depths:2)
  18 wizards
  16 deep elf archers
  15 phantasmal warriors
  41 deep elf pyromancers
  7 lindwurms
  A wolf spider zombie (Crypt:3)
  29 deep elf zephyrmancers
  23 necromancers
  2 sphinx zombies
  14 harpies
  9 cyclopes
  A wolf spider (shapeshifter) (Vaults:2)
  6 oklob plants
  A frost giant zombie (Crypt:2)
  A salamander (shapeshifter) (Vaults:4)
  2 fire giant zombies
  29 orb spiders
  A tengu skeleton (Depths:3)
  11 moths of wrath
  33 wolf spiders
  10 fauns
  18 manticores
  4 orc sorcerers
  2 stone giant zombies
  4 salamanders
  82 ugly things
  2 frost giant skeletons
  A shock serpent zombie (Crypt:1)
  An elephant (shapeshifter) (Vaults:5)
  3 fire giant skeletons
  2 spriggan zombies
  9 merfolk sirens
  A dire elephant zombie (Crypt:3)
  13 elephants
  7 torpor snails
  A guardian serpent (shapeshifter) (Vaults:5)
  A stone giant skeleton (Crypt:3)
  2 black mambas (Lair:3)
  2 ice statues (IceCv)
  18 vault sentinels
  3 gargoyles
  3 eyes of devastation (WizLab)
  6 rime drakes
  21 yaktaurs
  6 water nymphs
  17 cane toads
  An unseen horror (D:11)
  A kobold demonologist (D:11)
  An anaconda simulacrum (IceCv)
  An iron troll zombie (Crypt:2)
  11 komodo dragons
  3 spriggan skeletons
  5 tengu conjurers
  7 freezing wraiths
  14 demonic crawlers
  A golden dragon simulacrum (Depths:2)
  40 jumping spiders
  6 ice devils (IceCv)
  13 hellwings (Crypt:3)
  An entropy weaver simulacrum (IceCv)
  11 trolls
  10 guardian mummies
  22 merfolk
  3 polar bears
  4 tyrant leeches (Lair:6)
  A jumping spider zombie (Crypt:2)
  A meliai (D:14)
  20 hornets
  A shadow dragon simulacrum (Crypt:2)
  25 blink frogs
  25 slime creatures
  6 wind drakes
  A fire dragon zombie (Crypt:3)
  4 dream sheep
  An ettin zombie (Crypt:3)
  A fire giant simulacrum (Depths:3)
  12 snapping turtles
  A spriggan (shapeshifter) (D:14)
  2 ushabtiu (Tomb:1)
  An air elemental (Elf:3)
  Sigmund (D:3)
  A redback (shapeshifter) (Vaults:5)
  8 shadows
  3 flying skulls (Tomb:1)
  2 ice dragon skeletons
  12 wraiths
  23 water elementals
  An ettin skeleton (Crypt:2)
  3 small abominations (Gauntlet)
  41 yaks
  74 redbacks
  55 tarantellas
  2 vampires
  2 wyverns
  A spectral komodo dragon (Gauntlet)
  4 fire bats (Gauntlet)
  3 fire elementals (Elf:2)
  A golden eye (shapeshifter) (D:14)
  A black mamba skeleton (Crypt:3)
  3 hogs (Spider:2)
  4 basilisks
  2 humans (D:13)
  4 steam dragons
  4 neqoxecs
  A death yak simulacrum (IceCv)
  16 vampire mosquitoes
  3 swamp worms (Lair:4)
  An acid dragon (D:13)
  2 harpy simulacra (IceCv)
  A torturous demonspawn zombie (Crypt:3)
  3 wargs
  18 water moccasins
  A cane toad zombie (Crypt:3)
  A faun skeleton (Crypt:2)
  A hornet zombie (D:7)
  An ice beast (D:7)
  A black bear (Lair:4)
  A merfolk skeleton (Crypt:2)
  38 orc warriors
  A sky beast (D:5)
  An elf simulacrum (Depths:2)
  6 ogres
  A black bear (shapeshifter) (D:15)
  11 centaurs
  2 necrophages
  4 wolves
  A blink frog skeleton (Crypt:2)
  2 phantoms
  A yaktaur zombie (Crypt:2)
  An elf zombie (Ossuary)
  2 kobold brigands
  11 bullfrogs
  2 scorpions
  2 gnoll sergeants
  3 two-headed ogre simulacra (IceCv)
  A cyclops zombie (Crypt:1)
  An elf skeleton (D:8)
  A wyvern zombie (D:7)
  9 wyvern skeletons
  2 elephant simulacra (IceCv)
  4 killer bees (D:9)
  3 wights (D:7)
  A howler monkey (D:5)
  4 electric eels
  3 lava snakes (D:11)
  A crimson imp (D:9)
  2 bullfrog zombies
  2 centaur zombies
  3 human zombies
  2 hounds (D:6)
  4 bullfrog skeletons
  26 orc priests
  2 centaur skeletons
  A jelly (D:5)
  2 iguanas
  Jessica (D:2)
  A basilisk skeleton (Crypt:1)
  Natasha (twice) (D:2)
  Terence (D:3)
  4 human skeletons
  31 orc wizards
  6 hell rats (Lair:6)
  A polar bear simulacrum (IceCv)
  A spriggan simulacrum (IceCv)
  A wolf simulacrum (IceCv)
  A tengu zombie (Crypt:3)
  An ogre zombie (Crypt:1)
  14 mummies
  A hound zombie (Ossuary)
  Robin (D:2)
  A howler monkey zombie (D:6)
  8 gnolls
  4 adders
  2 naga simulacra (IceCv)
  A shadow imp (D:7)
  8 white imps
  3 ufetubi
  An adder zombie (Ossuary)
  An adder skeleton (D:4)
  4 worms
  3 dart slugs
  122 orcs
  5 ball pythons
  7 bats
  8 endoplasms
  2 giant cockroaches (D:1)
  15 goblins
  9 hobgoblins
  2 jackals (D:2)
  4 quokkas
  A frilled lizard (D:1)
  3 gnoll zombies (Ossuary)
  A goblin zombie (Ossuary)
  2 hobgoblin zombies (Ossuary)
  2 jackal zombies (Ossuary)
  12 kobolds
  3 orc skeletons (D:8)
  7 rats
  A rat zombie (Ossuary)
  4 starspawn tentacles (WizLab)
2425 creatures vanquished.

Vanquished Creatures (collateral kills)
  A golden dragon (Vaults:5)
  2 titans
  2 storm dragons (Vaults:5)
  A red draconian (Zot:1)
  An ogre mage (Vaults:5)
  5 vault guards (Vaults:5)
  A phantasmal warrior (Vaults:5)
  2 vault sentinels (Vaults:5)
  A freezing wraith (Vaults:5)
  An orc (Vaults:5)
17 creatures vanquished.

Vanquished Creatures (others)
  A titan (Vaults:5)
  A sphinx (Vaults:5)
  2 fire giants
  3 vault wardens (Vaults:5)
  3 ironbound preservers (Vaults:5)
  An ettin (Vaults:5)
  A black draconian (Zot:1)
  A yaktaur captain (Vaults:5)
  9 vault guards (Vaults:5)
  22 dancing weapons
  3 deep trolls (Vaults:5)
  2 ironbound convokers (Vaults:5)
  A phantasmal warrior (Vaults:5)
  A wolf spider (Spider:4)
  A vault sentinel (Vaults:5)
  A tarantella (Spider:3)
  A tarantella (shapeshifter) (Vaults:5)
  An orc wizard (Elf:1)
  A white imp (IceCv)
  2 orcs
  4 demonic plants
  56 fungi
  102 plants
  12 starspawn tentacles (WizLab)
  3 tentacles (Shoals:4)
235 creatures vanquished.

Grand Total: 2677 creatures vanquished

Notes
Turn   | Place    | Note
-------+----------+-------------------------------------------
     0 | D:1      | Delamore the Octopode Brigand began the quest for the Orb.
     0 | D:1      | Reached XP level 1. HP: 14/14 MP: 1/1
   103 | D:1      | Reached XP level 2. HP: 10/19 MP: 2/2
   376 | D:1      | Reached skill level 6 in Stealth
   511 | D:1      | Reached XP level 3. HP: 16/24 MP: 3/3
   891 | D:2      | Noticed Robin
   904 | D:2      | Found a basalt altar of Yredelemnul.
   937 | D:2      | Reached skill level 7 in Stealth
   937 | D:2      | Reached XP level 4. HP: 28/29 MP: 4/4
  1001 | D:2      | Killed Robin
  1071 | D:2      | Reached XP level 5. HP: 29/34 MP: 5/5
  1156 | D:2      | Noticed Jessica
  1162 | D:2      | Killed Jessica
  1163 | D:2      | Reached skill level 8 in Stealth
  1271 | D:2      | Noticed Natasha
  1277 | D:2      | Killed Natasha
  1346 | D:2      | Found a faded altar of an unknown god.
  1421 | D:2      | Noticed Natasha
  1431 | D:2      | Killed Natasha
  1748 | D:3      | Reached XP level 6. HP: 39/39 MP: 6/6
  1849 | D:3      | Noticed Terence
  1859 | D:3      | Killed Terence
  2281 | D:3      | Noticed Sigmund
  2284 | D:3      | Killed Sigmund
  2285 | D:3      | Reached skill level 9 in Stealth
  2308 | D:3      | Identified a scroll of acquirement
  2308 | D:3      | Acquired the ring of Sunlight {rPois rN++ MP+9 Str+6 Int-3}
  2312 | D:4      | Found Yteruu's Jewellery Shop.
  2375 | D:4      | Found Peesali's General Store.
  2378 | D:4      | Found Alaixziq's Armour Emporium.
  2546 | D:4      | Found Meilyate's Assorted Antiques.
  2575 | D:4      | Found Gihiur's Distillery.
  2601 | D:4      | Bought a potion of degeneration for 10 gold pieces
  2687 | D:4      | Reached XP level 7. HP: 45/45 MP: 7/7
  2948 | D:5      | Entered Level 5 of the Dungeon
  2957 | D:5      | Reached skill level 10 in Stealth
  3325 | D:4      | Reached skill level 5 in Short Blades
  3325 | D:4      | Reached skill level 11 in Stealth
  3393 | D:5      | Found Repruit's Book Boutique.
  3402 | D:5      | Reached XP level 8. HP: 44/50 MP: 8/8
  4116 | D:6      | Reached skill level 12 in Stealth
  4289 | D:6      | Found a staircase to the Ecumenical Temple.
  4327 | Temple   | Entered the Ecumenical Temple
  4374 | Temple   | Became a worshipper of Gozag Ym Sagoz the Greedy
  4528 | D:6      | Found a glowing golden altar of the Shining One.
  4536 | D:6      | Found a shadowy altar of Dithmenos.
  5078 | D:7      | Noticed a two-headed ogre
  5090 | D:7      | Killed a two-headed ogre
  5091 | D:7      | Reached skill level 13 in Stealth
  5091 | D:7      | Reached XP level 9. HP: 31/54 MP: 9/9
  5128 | D:7      | Acquired 812 gold pieces
  5200 | D:4      | Bought the +2 hat of the Bear Spirit {Spirit, +Rage rN+
                  | Will++} for 469 gold pieces
  5200 | D:4      | Found the +2 hat of the Bear Spirit {Spirit, +Rage rN+
                  | Will++}
  5211 | D:4      | Bought a scroll of blinking for 97 gold pieces
  5222 | D:4      | Bought a tubular silver ring for 130 gold pieces
  5286 | D:7      | Found Jiwouk's Distillery.
  5289 | D:7      | Bought a potion of flight for 45 gold pieces
  5391 | D:7      | Reached skill level 14 in Stealth
  5615 | D:7      | Found a snail-covered altar of Cheibriados.
  5665 | D:7      | Noticed a cyclops
  5808 | D:7      | Reached skill level 15 in Stealth
  5859 | D:7      | Acquired 1030 gold pieces
  5976 | D:7      | Killed a cyclops
  5977 | D:7      | Reached skill level 1 in Evocations
  5977 | D:7      | Reached XP level 10. HP: 49/61 MP: 10/10
  6711 | D:7      | Bought a runed dagger for 90 gold pieces
  6717 | D:8      | Noticed a two-headed ogre
  6893 | D:8      | Found a sand-covered staircase.
  6899 | Ossuary  | Entered an ossuary
  7236 | D:8      | Identified the +6 hand crossbow of Vosylila {penet, rC+
                  | Will++}
  7250 | D:8      | Noticed a two-headed ogre
  7365 | D:7      | Killed a two-headed ogre
  7691 | D:8      | Killed a two-headed ogre
  7801 | D:8      | Identified the +10 rapier "Ultimatum" {venom, *Noise rElec
                  | rCorr}
  7977 | D:8      | Found an ancient bone altar of Kikubaaqudgha.
  8178 | D:9      | Reached XP level 11. HP: 47/70 MP: 11/11
  8394 | D:9      | Reached skill level 5 in Fighting
  8475 | D:9      | Found Waedaip's Magic Scroll Shoppe.
  8491 | D:9      | Found Polegh's General Store.
  8566 | D:9      | Found Qurche Teoma's Book Shoppe.
  8574 | D:9      | Reached skill level 5 in Throwing
  8759 | D:9      | Reached skill level 5 in Evocations
  8901 | D:9      | Found Luiq's Book Shoppe.
  9962 | D:10     | Entered Level 10 of the Dungeon
  9962 | D:10     | Noticed a six-headed hydra
  9963 | D:10     | Killed a six-headed hydra
  9964 | D:10     | Reached skill level 5 in Dodging
  9964 | D:10     | Reached skill level 1 in Shields
 10030 | D:10     | Reached skill level 10 in Short Blades
 11127 | D:11     | Noticed a cyclops
 11135 | D:11     | Killed a cyclops
 11169 | D:11     | Noticed a boulder beetle
 11193 | D:11     | Killed a boulder beetle
 11270 | D:11     | Found a staircase to the Orcish Mines.
 11323 | D:11     | Found an opulent altar of Gozag.
 11343 | D:11     | Noticed a skeletal warrior
 11345 | D:11     | Noticed a skeletal warrior
 11346 | D:11     | Noticed a skeletal warrior
 11348 | D:11     | Noticed a skeletal warrior
 11359 | D:11     | Killed a skeletal warrior
 11563 | D:11     | Noticed a cyclops
 11578 | D:11     | Killed a cyclops
 11579 | D:11     | Reached XP level 12. HP: 22/79 MP: 7/12
 11904 | D:11     | Found a staircase to the Lair.
 12293 | D:11     | Found a runed translucent door.
 13311 | D:11     | Reached skill level 16 in Stealth
 13322 | D:11     | Found a runed translucent gate.
 13322 | D:11     | Found a runed translucent gate.
 13322 | D:11     | Found a runed translucent gate.
 13322 | D:11     | Found a runed translucent gate.
 13322 | D:11     | Found a runed translucent gate.
 13322 | D:11     | Noticed a boulder beetle
 13323 | D:11     | Found a runed translucent gate.
 13338 | D:11     | Killed a boulder beetle
 13494 | Orc:1    | Entered Level 1 of the Orcish Mines
 13529 | Orc:2    | Entered Level 2 of the Orcish Mines
 13579 | Orc:2    | Noticed a two-headed ogre
 13615 | Orc:2    | Killed a two-headed ogre
 13967 | Orc:2    | Found Pipping's Antique Armour Shop.
 14091 | Orc:2    | Noticed an orc warlord
 14123 | Orc:2    | Killed an orc warlord
 14124 | Orc:2    | Reached XP level 13. HP: 61/88 MP: 13/13
 14227 | Orc:2    | Found a staircase to the Elven Halls.
 14235 | Orc:2    | Found Cuytz's General Store.
 14578 | Orc:2    | Found Pougg's Magic Scroll Emporium.
 14648 | Orc:2    | Found Effiz's Antique Armour Boutique.
 14653 | Orc:2    | Found Torotoamm's Antique Weapon Shop.
 15133 | Orc:2    | Bought a wand of paralysis (6) for 88 gold pieces
 15400 | Orc:2    | Bought the +3 warlock's mirror {reflect} for 1200 gold
                  | pieces
 15400 | Orc:2    | Found the +3 warlock's mirror {reflect}
 15629 | Orc:1    | Reached skill level 17 in Stealth
 15673 | Orc:1    | Found Geaf's Assorted Antiques.
 18008 | D:13     | Reached skill level 10 in Evocations
 18147 | D:13     | Noticed a vault guard
 18218 | D:13     | Found a gate to the Vaults.
 18218 | D:13     | Noticed a vault guard
 18218 | D:13     | Noticed a vault guard
 18231 | D:13     | Killed a vault guard
 18232 | D:13     | Reached XP level 14. HP: 54/97 MP: 14/14
 18255 | D:13     | Reached skill level 18 in Stealth
 19195 | D:13     | Reached skill level 10 in Fighting
 19195 | D:13     | Reached skill level 10 in Dodging
 19727 | D:14     | Identified the +7 hand axe of Conformity {vorpal, rF+}
 20152 | D:14     | Reached skill level 19 in Stealth
 20646 | D:15     | Entered Level 15 of the Dungeon
 20878 | D:15     | Found a staircase to the Depths.
 22095 | D:4      | Bought the ring "Irhyiciy" {rElec EV+4} for 550 gold pieces
 22317 | Lair:1   | Entered Level 1 of the Lair of Beasts
 22381 | Lair:1   | Reached XP level 15. HP: 103/103 MP: 15/15
 22545 | Lair:1   | Noticed Erica
 22554 | Lair:1   | Killed Erica
 23204 | Lair:2   | Reached skill level 5 in Shields
 23212 | Lair:2   | Found a gate leading to a gauntlet.
 23221 | Gauntlet | Entered a Gauntlet
 23221 | Gauntlet | Found a transporter.
 23224 | Gauntlet | Found a transporter.
 23228 | Gauntlet | Found a transporter.
 23233 | Gauntlet | Found a transporter.
 23240 | Gauntlet | Found a transporter.
 23244 | Gauntlet | Found a transporter.
 23249 | Gauntlet | Found a transporter.
 23256 | Gauntlet | Found a transporter.
 23260 | Gauntlet | Found a transporter.
 23264 | Gauntlet | Found a runed translucent door.
 23265 | Gauntlet | Found a transporter.
 23268 | Gauntlet | Found a runed translucent door.
 23272 | Gauntlet | Found a transporter.
 23276 | Gauntlet | Found a transporter.
 23284 | Gauntlet | Found a transporter.
 23306 | Gauntlet | Found a transporter.
 23778 | Gauntlet | Identified the +6 dire flail of Cejoahen {spect, rElec
                  | Str-3 Dex+6}
 24006 | Lair:2   | Reached skill level 20 in Stealth
 24115 | Lair:2   | Found a staircase to the Shoals.
 24731 | Lair:3   | Found a frozen archway.
 24748 | IceCv    | Entered an ice cave
 25561 | Lair:3   | Found a hide-covered altar of Uskayaw.
 25561 | Lair:3   | Found an ornate altar of the Wu Jian Council.
 25860 | Lair:3   | Found a hole to the Spider Nest.
 27151 | Lair:4   | Noticed Rupert
 27171 | Lair:4   | Killed Rupert
 27172 | Lair:4   | Reached XP level 16. HP: 37/109 MP: 10/16
 27749 | Lair:4   | Got the Disquisition on Scorching Dislocation
 28688 | Lair:5   | Found a runed translucent door.
 28729 | Lair:5   | Found a staircase to the Slime Pits.
 29216 | Lair:6   | Entered Level 6 of the Lair of Beasts
 29267 | Slime:1  | Entered Level 1 of the Pits of Slime
 29267 | Slime:1  | Noticed a rockslime
 29513 | Lair:6   | Reached skill level 10 in Throwing
 29887 | Lair:6   | Found a runed translucent door.
 31322 | Spider:1 | Entered Level 1 of the Spider Nest
 31327 | Lair:3   | Bought the ring "Orohy" {rPois rF+++ rN++ Str+2 Int-4} for
                  | 956 gold pieces
 31331 | Lair:3   | Bought a scroll of fog for 42 gold pieces
 31331 | Lair:3   | Bought a scroll of fog for 42 gold pieces
 31333 | Lair:3   | Bought a shimmering short sword for 184 gold pieces
 31333 | Lair:3   | Identified the +8 short sword of Blue Valour {vorpal, rElec
                  | Will- Int+5} (You bought it in a shop on level 3 of the
                  | Lair of Beasts)
 31511 | Spider:1 | Reached XP level 17. HP: 45/117 MP: 9/17
 31598 | Spider:1 | Reached skill level 21 in Stealth
 31605 | Spider:1 | Acquired a +5 quick blade
 31901 | Spider:1 | Noticed Frances
 31942 | Spider:1 | Killed Frances
 32383 | Spider:1 | Found a hide-covered altar of Uskayaw.
 32990 | Spider:1 | Identified the ring "Ujurot" {rPois Will+ Stlth+}
 33459 | Spider:2 | Noticed Kirke
 33501 | Spider:2 | Killed Kirke
 35123 | Spider:3 | Reached XP level 18. HP: 127/127 MP: 18/18
 36081 | Spider:4 | Entered Level 4 of the Spider Nest
 36099 | Spider:4 | Reached skill level 10 in Shields
 36108 | Spider:4 | Noticed Nikola
 36131 | Spider:4 | Killed Nikola
 36137 | Spider:4 | Noticed Donald
 36191 | Spider:4 | Noticed Mara
 36200 | Spider:4 | Noticed Delamore's illusion
 36308 | Spider:4 | Killed Mara
 36373 | Spider:4 | Killed Donald
 36735 | Spider:4 | Noticed Arachne
 36879 | Spider:4 | Killed Arachne
 37410 | Spider:4 | Got a gossamer rune of Zot
 37732 | Shoals:1 | Entered Level 1 of the Shoals
 37739 | Lair:2   | Bought the ring "Paqarura" {rF+ rC++ Int+4} for 1158 gold
                  | pieces
 37758 | Shoals:1 | Found Zuhikh's Assorted Antiques.
 37790 | Shoals:1 | Bought a polished dagger for 203 gold pieces
 37790 | Shoals:1 | Identified the +4 dagger "Mecoukei" {freeze, rN++ Int-3}
                  | (You bought it in a shop on level 1 of the Shoals)
 38030 | Shoals:1 | Reached XP level 19. HP: 110/136 MP: 19/19
 38949 | Shoals:2 | Found Puleon's Armour Boutique.
 38991 | Shoals:2 | Reached skill level 1 in Spellcasting
 40448 | Shoals:3 | Found a transporter.
 40451 | Shoals:3 | Noticed AtomicRavioli's ghost (adept OgFi)
 40470 | Shoals:3 | Found a transporter.
 40705 | Shoals:3 | Noticed Polyphemus
 40728 | Shoals:3 | Killed Polyphemus
 41280 | Shoals:3 | Killed AtomicRavioli's ghost
 41376 | Shoals:3 | Identified the +0 helmet "Naaps" {+Inv Int+4 Slay-2}
 41383 | Shoals:3 | Identified the +6 mace of Sequestration {drain, *Corrode
                  | Fly rN+++ SInv}
 41441 | Shoals:4 | Entered Level 4 of the Shoals
 41587 | Shoals:4 | Reached skill level 15 in Fighting
 41590 | Shoals:4 | Reached skill level 15 in Dodging
 41647 | Shoals:4 | Noticed Ilsuiw
 41659 | Shoals:4 | Killed Ilsuiw
 42059 | Shoals:4 | Reached skill level 5 in Spellcasting
 42304 | Shoals:4 | Found Opreulav's Magic Scroll Emporium.
 42332 | Shoals:4 | Found Xucliliu's Assorted Antiques.
 42462 | Shoals:4 | Reached XP level 20. HP: 133/145 MP: 28/28
 42579 | Shoals:4 | Bought a scroll of fear for 45 gold pieces
 42579 | Shoals:4 | Bought a scroll of teleportation for 39 gold pieces
 42595 | Shoals:4 | Got a barnacled rune of Zot
 43459 | Depths:1 | Entered Level 1 of the Depths
 43525 | Depths:1 | Found a one-way gate leading to the halls of Pandemonium.
 43657 | Depths:1 | Learned a level 2 spell: Blink
 43661 | Depths:1 | Learned a level 3 spell: Lesser Beckoning
 43748 | Depths:1 | Reached skill level 1 in Translocations
 44617 | Depths:1 | Found a gateway to Hell.
 44657 | Depths:1 | Found a gateway to a ziggurat.
 44875 | Depths:1 | Found a large runed translucent door.
 44878 | Depths:1 | Found a large runed translucent door.
 44879 | Depths:1 | Noticed Stajl's ghost (adept MiFi)
 44888 | Depths:1 | Identified the +5 hand axe of Dyonupp {drain, rF+ Int+2
                  | Dex+5}
 44889 | Depths:1 | Killed Stajl's ghost
 45319 | Depths:2 | Found a magical portal.
 45324 | WizLab   | Entered Lehudib's Moon Base
 45812 | WizLab   | Reached XP level 21. HP: 53/151 MP: 16/33
 46191 | WizLab   | Reached skill level 5 in Translocations
 46525 | WizLab   | Found a transporter.
 46640 | WizLab   | Found a transporter.
 46739 | WizLab   | Identified the ring "Jog Roup" {+Blink rCorr Int+2}
 47087 | WizLab   | Identified the +5 quarterstaff of the Sun {vorpal, rElec
                  | rC++}
 47090 | WizLab   | Got Moozaf's Compendium of Ice
 47166 | Depths:2 | Found a one-way gate to the infinite horrors of the Abyss.
 47758 | Depths:2 | Found a white marble altar of Elyvilon.
 48368 | Depths:2 | Noticed Jory
 48393 | Depths:2 | Reached skill level 15 in Shields
 48460 | Depths:2 | Identified the +7 swamp dragon scales of Muttered Phrases
                  | {rPois rCorr Str+3}
 48579 | Depths:2 | Killed Jory
 48797 | Depths:2 | Reached XP level 22. HP: 125/157 MP: 35/35
 48991 | Depths:2 | Reached skill level 10 in Spellcasting
 49245 | Depths:2 | Identified the +4 hand axe "Nanetodgh" {venom, rC- Int+7}
 49369 | Depths:2 | Acquired 971 gold pieces
 49370 | Depths:2 | Acquired the ring of Cyasaduc {rF+ rC+ rN+ Str+4}
 49803 | Depths:3 | Found Lialoggi's Antique Weapon Boutique.
 50664 | Depths:3 | Noticed a golden dragon
 51196 | Depths:3 | Killed a golden dragon
 51528 | Depths:4 | Found a shimmering blue altar of Sif Muna.
 51731 | Depths:4 | Reached skill level 10 in Translocations
 52049 | Depths:4 | Noticed an ancient lich
 52058 | Depths:4 | Reached XP level 23. HP: 142/162 MP: 32/37
 52087 | Depths:4 | Killed an ancient lich
 52091 | Depths:4 | Found the +6 Majin-Bo {vamp, MP+6 Int+6}
 52656 | Depths:4 | Noticed a golden dragon
 52663 | Depths:4 | Killed a golden dragon
 52972 | Depths:4 | Got the Reference Book on Lightness
 53463 | Depths:5 | Entered Level 5 of the Depths
 53679 | Depths:5 | Reached skill level 15 in Evocations
 53733 | Depths:5 | Noticed a juggernaut
 54093 | Vaults:1 | Entered Level 1 of the Vaults
 54644 | Vaults:1 | Reached skill level 15 in Throwing
 55653 | Vaults:1 | Got the Reference Book on Displacement and Changing
 56706 | Vaults:2 | Reached XP level 24. HP: 108/170 MP: 24/39
 56938 | Vaults:2 | Reached skill level 22 in Stealth
 57076 | Vaults:2 | You fall into a shaft and drop 2 floors!
 57363 | Vaults:2 | Found a staircase to the Crypt.
 58127 | Vaults:2 | Identified the +3 leather armour "Iradeoni" {Rampage rF+}
 59435 | Vaults:3 | Noticed Margery
 59471 | Vaults:3 | Killed Margery
 60398 | Vaults:3 | Found Tesh's Distillery.
 60513 | Vaults:3 | Bought a potion of magic for 104 gold pieces
 60513 | Vaults:3 | Bought a potion of heal wounds for 65 gold pieces
 60513 | Vaults:3 | Bought a potion of might for 52 gold pieces
 60513 | Vaults:3 | Bought a potion of haste for 130 gold pieces
 60513 | Vaults:3 | Bought a potion of might for 52 gold pieces
 60513 | Vaults:3 | Bought a potion of invisibility for 104 gold pieces
 60523 | Vaults:3 | Identified the +2 robe of Piwank {rN+++ Will- Int-4 Slay+2}
 60640 | Vaults:4 | Noticed a dread lich
 60652 | Vaults:4 | Reached skill level 23 in Stealth
 60667 | Vaults:4 | Killed a dread lich
 60678 | Vaults:4 | Reached XP level 25. HP: 166/178 MP: 35/39
 60965 | Vaults:4 | Found a huge runed gate.
 60965 | Vaults:4 | Found a huge runed gate.
 60965 | Vaults:4 | Found a huge runed gate.
 60965 | Vaults:4 | Found a huge runed gate.
 60965 | Vaults:4 | Found a huge runed gate.
 60965 | Vaults:4 | Found a huge runed gate.
 60965 | Vaults:4 | Found a huge runed gate.
 60965 | Vaults:4 | Found a huge runed gate.
 60967 | Vaults:4 | Found a huge runed gate.
 60967 | Vaults:4 | Found a huge runed gate.
 60968 | Vaults:4 | Found a huge runed gate.
 60968 | Vaults:4 | Found a huge runed gate.
 60969 | Vaults:4 | Found a huge runed gate.
 60970 | Vaults:4 | Found a huge runed gate.
 60971 | Vaults:4 | Found a huge runed gate.
 60980 | Vaults:4 | Found a huge runed gate.
 60980 | Vaults:4 | Found a huge runed gate.
 60980 | Vaults:4 | Found a huge runed gate.
 60980 | Vaults:4 | Found a huge runed gate.
 60980 | Vaults:4 | Found a huge runed gate.
 60980 | Vaults:4 | Found a huge runed gate.
 60981 | Vaults:4 | Found a huge runed gate.
 60982 | Vaults:4 | Found a huge runed gate.
 60983 | Vaults:4 | Found a huge runed gate.
 60996 | Vaults:4 | Found a huge runed gate.
 60996 | Vaults:4 | Found a huge runed gate.
 60996 | Vaults:4 | Found a huge runed gate.
 60996 | Vaults:4 | Found a huge runed gate.
 60996 | Vaults:4 | Found a huge runed gate.
 60996 | Vaults:4 | Found a huge runed gate.
 60997 | Vaults:4 | Found a huge runed gate.
 60998 | Vaults:4 | Found a huge runed gate.
 60999 | Vaults:4 | Found a huge runed gate.
 61007 | Vaults:4 | Found a huge runed gate.
 61007 | Vaults:4 | Found a huge runed gate.
 61007 | Vaults:4 | Found a huge runed gate.
 61606 | Vaults:4 | Found Kawuwkuu's Weapon Shoppe.
 62600 | Vaults:5 | Entered Level 5 of the Vaults
 62779 | Vaults:5 | Noticed a dread lich
 62902 | Vaults:5 | Killed a dread lich
 62924 | Vaults:5 | Reached skill level 24 in Stealth
 63286 | Vaults:5 | Found Somine's Assorted Antiques.
 63286 | Vaults:5 | Noticed an ancient lich
 63301 | Vaults:5 | Killed an ancient lich
 63350 | Vaults:5 | Noticed a dread lich
 63382 | Vaults:5 | Killed a dread lich
 63383 | Vaults:5 | Reached XP level 26. HP: 140/188 MP: 31/39
 63597 | Vaults:5 | Identified the +4 great sword "Bolai" {vorpal, Str+4}
 63858 | Vaults:5 | Got a silver rune of Zot
 64025 | Vaults:5 | Found Gapaell's Distillery.
 64060 | Vaults:5 | Bought a potion of heal wounds for 100 gold pieces
 64193 | Vaults:5 | Found Ziav's Distillery.
 64304 | Vaults:5 | Found Naimae's Distillery.
 64388 | Vaults:5 | Bought a potion of heal wounds for 70 gold pieces
 64463 | Vaults:5 | Found Ytaacs's Distillery.
 64672 | Vaults:5 | Bought a potion of haste for 170 gold pieces
 64672 | Vaults:5 | Bought a potion of haste for 170 gold pieces
 64672 | Vaults:5 | Bought a potion of haste for 170 gold pieces
 64691 | Vaults:5 | Bought a potion of haste for 200 gold pieces
 64691 | Vaults:5 | Bought a potion of might for 80 gold pieces
 64775 | Vaults:5 | Bought a potion of might for 56 gold pieces
 64775 | Vaults:5 | Bought a potion of might for 56 gold pieces
 64775 | Vaults:5 | Bought a potion of haste for 140 gold pieces
 65060 | Orc:2    | Bought a potion of heal wounds for 55 gold pieces
 65069 | Elf:1    | Entered Level 1 of the Elven Halls
 65184 | Elf:1    | Bought a scroll of fear for 45 gold pieces
 65184 | Elf:1    | Bought a scroll of brand weapon for 260 gold pieces
 65267 | Elf:1    | Bought 3 scrolls of brand weapon for 1080 gold pieces
 65267 | Elf:1    | Bought a scroll of silence for 135 gold pieces
 65267 | Elf:1    | Bought a scroll of fog for 36 gold pieces
 65471 | Elf:1    | Gained mutation: Your spells are a little easier to cast,
                  | but a little less powerful. [a neqoxec]
 66256 | Elf:1    | Found a runed translucent gate.
 66256 | Elf:1    | Found a runed translucent gate.
 66256 | Elf:1    | Found a runed translucent gate.
 66256 | Elf:1    | Found a runed translucent gate.
 66256 | Elf:1    | Found a runed translucent gate.
 66257 | Elf:1    | Found a runed translucent gate.
 66723 | Elf:2    | Found a runed translucent gate.
 66723 | Elf:2    | Found a runed translucent gate.
 66726 | Elf:2    | Found a runed translucent gate.
 66787 | Elf:2    | Found Ylluur's General Store.
 66790 | Elf:2    | Found Voczexus's Book Shoppe.
 67024 | Elf:2    | Reached skill level 25 in Stealth
 67894 | Elf:2    | Bought 2 potions of heal wounds for 160 gold pieces
 67894 | Elf:2    | Bought a scroll of magic mapping for 56 gold pieces
 67894 | Elf:2    | Bought 2 throwing nets for 96 gold pieces
 67908 | Elf:2    | Bought a manual of Throwing for 1520 gold pieces
 68221 | Elf:3    | Entered Level 3 of the Elven Halls
 68890 | Elf:3    | Reached XP level 27. HP: 195/196 MP: 39/39
 70582 | Depths:5 | Killed a juggernaut
 71285 | Depths:5 | Noticed Saint Roka
 71299 | Depths:5 | Killed Saint Roka
 71510 | Depths:5 | Found a sacrificial altar of Ru.
 72060 | Depths:5 | Found a gate to the Realm of Zot.
 72089 | Depths:5 | Reached skill level 26 in Stealth
 72507 | Zot:1    | Entered Level 1 of the Realm of Zot
 74267 | Crypt:1  | Entered Level 1 of the Crypt
 74394 | Crypt:1  | Identified the +0 chain mail of Dothiv {+Blink rC+ Stlth+}
 75617 | Crypt:2  | Noticed Sojobo
 75643 | Crypt:2  | Killed Sojobo
 76126 | Crypt:3  | Entered Level 3 of the Crypt
 76761 | Crypt:3  | Found a staircase to the Tomb.
 76761 | Crypt:3  | Noticed a royal mummy
 76768 | Crypt:3  | Killed a royal mummy
 76864 | Crypt:3  | Found an ancient bone altar of Kikubaaqudgha.
 77120 | Crypt:3  | Noticed an ancient lich
 77146 | Crypt:3  | Killed an ancient lich
 77990 | Crypt:3  | Got the Almanac of Necromancy
 78208 | Crypt:3  | Got the Volume of the Sinister Oath
 78617 | Tomb:1   | Entered Level 1 of the Tomb of the Ancients
 78709 | Tomb:1   | Reached skill level 27 in Stealth
 78846 | Tomb:1   | Noticed a royal mummy
 79016 | Tomb:1   | HP: 5/201 [emperor scorpion[a royal mummy] (11)]
 79017 | Tomb:1   | HP: 1/201 [emperor scorpion[a royal mummy] (4)]
 79018 | Tomb:1   | Mangled by an emperor scorpion

Illustrated notes

Levels and vault maps discovered:
D:1:      wander_arrival_lonely_grave, layout_basic, dk_noncrumbling_4,
          st_stairs_10
D:2:      layout_basic, basic_altar, ebering_ecumenical_altar_webs,
          uniq_jessica, uniq_robin, uniq_natasha
D:3:      layout_basic, kennysheep_decorative_pillar, grunt_ministairs_9,
          amcnicky_mini_pool_small, item_on_display_a, uniq_terence,
          uniq_sigmund
D:4:      kb_forest_paths, layout_rooms, serial_shops,
          nicolae_shop_behind_doors, shop, nicolae_shop_crystal,
          nicolae_shop_stone, nicolae_stop_n_shop_2,
          chequers_serial_rivers_small_3
D:5:      layout_cave_pods, serial_park, serial_park_avenue1,
          serial_park_tiny_2, serial_park_gazebo [serial_park_minivault_5x5_7],
          serial_park_square3 [serial_park_minivault_5x5_6], serial_shops,
          nicolae_square_shop
D:6:      layout_loops_corners, minitemple, minmay_temple_entry_gardened_gates
D:7:      hangedman_cross_stitches, layout_basic, lemuel_doored_altar,
          serial_shops, nicolae_lakefront_shop, kb_lookout_dungeons_type
D:8:      layout_cave_pools, kiku_gazebo_pond_becter,
          nicolae_ossuary_entry_catacombs
D:9:      layout_basic, serial_shops, nicolae_shop_competitors_out_of_business,
          nicolae_take_the_stairs, shop,
          nicolae_shop_competitors_out_of_business, minmay_splitting_lines,
          minmay_fire_ice_demons
D:10:     layout_rooms, st_stairs_12
D:11:     gammafunk_indiana_jones, layout_stronghold, dpeg_oklobed_lair,
          david_orc_4, minmay_misc_feat_square, grunt_gozag_statues
D:12:     layout_loops_cross, nicolae_straight_to_the_point
D:13:     layout_small_grid, grunt_vaults_entry_fortified
D:14:     minmay_clustersquares, layout_small_grid
D:15:     grunt_enter_depths_hoard, layout_loops_ring, minivault_14
Temple:   compressed_dpeg_circular_temple
Lair:1:   layout_roguey, uniq_erica
Lair:2:   layout_long_grid, minmay_shoals_entry_beasts, gauntlet_entry_generic,
          lemuel_fruit_fields
Lair:3:   layout_chaotic_city, spider_nest_entry_web_field,
          portal_ice_cave_rime, st_stairs_4, fungi_pond_lemuel,
          nzn_masters_of_martial_movement, minmay_lair_oklob_chamber,
          infiniplex_staircase_pool
Lair:4:   layout_hall_layers, worms_lemuel, uniq_rupert
Lair:5:   layout_regular_city, dpeg_slime_entry_corner, pf_torpor_hydra
Lair:6:   wormcave, layout_regular_city, st_stairs_4
Shoals:1: cheibrodos_shoals_three_sisters, layout_shoals, serial_shops,
          nicolae_shop_competitors_out_of_business, shoals_oasis
Shoals:2: layout_shoals, serial_shops, shop_fountains, nzn_prometheus_bound
Shoals:3: layout_shoals, gammafunk_ghost_berserking_beasts,
          nicolae_shoals_water_shrine, uniq_polyphemus
Shoals:4: shoals_end_grunt_ice, layout_shoals, shoal_ilsuiw, serial_shops, shop,
          shop_statue
Spider:1: nicolae_spider_corner, nicolae_spider_altar_of_dancing,
          hangedman_spider_tarantella_strand, uniq_frances
Spider:2: nicolae_spider_mines_3, nicolae_spider_jagged_tunnels, uniq_kirke
Spider:3: layout_spider_delve, nicolae_spider_circle_web
Spider:4: spider_rune_water, uniq_mara, uniq_arachne, uniq_donald, uniq_nikola
Slime:1:  layout_caves
Orc:1:    layout_diamond_mine, basic_altar, serial_shops, shop,
          statue_in_the_mist_lemuel, bh_open_orc_temple
Orc:2:    grunt_orc_community_town_hall, layout_caves,
          grunt_orc_community_big_house_2, grunt_orc_community_big_house_1,
          grunt_orc_community_house_3, grunt_orc_community_house_3,
          grunt_orc_community_house_2, grunt_orc_community_house_1,
          serial_shops, shop, nicolae_orc_pool_cavern, lemuel_statue_altar,
          minmay_orc_temple_b
Elf:1:    elf_arrival_001, layout_loops_corners, orc_legates
Elf:2:    elven_hall_of_blades_hangedman_original
          [nicolae_blade_entry_diamond_columns], layout_geoelf_diagonals,
          minmay_shoptagon
Elf:3:    minmay_elf_hall_furrowed, layout_loops_ring, lemuel_flame_loot_1,
          grunt_megastairs_2
Vaults:1: v_rooms_3, nicolae_vaults_network_quincunx
          [nicolae_vaults_network_quincunx_subvault,
          nicolae_vaults_network_quincunx_subvault,
          nicolae_vaults_network_quincunx_subvault,
          nicolae_vaults_network_quincunx_subvault,
          nicolae_vaults_network_quincunx_subvault], dpeg_vaults_monster_row,
          ontoclasm_vaults_loading_screen, hangedman_vaults_snaps,
          ontoclasm_vaults_decontamination, st_check, layout_vaults_quadrants
Vaults:2: nicolae_vaults_network_s, minmay_crypt_entry_simple_plaza,
          hangedman_vaults_hat, nicolae_vaults_big_ls, st_octagons_1,
          nicolae_vaults_little_squares_3, grunt_vaults_hallway_short,
          v_rooms_5, vaults_dpeg_diagonal, vaults_mumra_minichess_inversion,
          v_misc_24, layout_vaults_omnibox
Vaults:3: hangedman_vaults_capsules, nicolae_vaults_specimen_jars,
          hangedman_vaults_stagger, ontoclasm_vaults_fire_temple, v_misc_22,
          ontoclasm_vaults_twist, hangedman_vaults_cutoff,
          layout_vaults_omnicross, serial_shops, shop_coins, uniq_margery
Vaults:4: nicolae_vaults_three_branches, hangedman_vaults_trim, v_misc_25,
          hangedman_vaults_stream, vaults_door_vault, v_misc_17, v_misc_28,
          vaults_mumra_hex, nicolae_vaults_little_squares_5, v_alt_pattern_1,
          v_pattern_1, hangedman_vaults_stretched_pinwheel,
          vaults_room_stairs_pillars, layout_vaults_maze, serial_shops,
          nicolae_shop_statue_plus
Vaults:5
Crypt:1:  layout_rooms, grunt_crypt_arrival_guarded_gate
Crypt:2:  layout_rooms, uniq_sojobo
Crypt:3:  evilmike_haunted_forest
Tomb:1
Depths:1: layout_gridlike, enter_ziggurat_a, minivault_11,
          rand_demon_pan_entry_7, ebering_ghost_disaster_area,
          hangedman_coc_ice_floe, kennysheep_generic_room_4
Depths:2: due_jory_tower, layout_cave_shapes, infiniplex_enter_wizlab_spiral,
          abyss_entry, grunt_metal_band, elyvilon_altar_1
Depths:3: minmay_the_grid_triangle_9x9_rhombus_full_mashed
          [minmay_the_grid_triangle_9x9_flanged_cone,
          minmay_the_grid_triangle_9x9_empty,
          minmay_the_grid_triangle_9x9_alien,
          minmay_the_grid_triangle_9x9_impossible_snake,
          minmay_the_grid_triangle_9x9_from_above,
          minmay_the_grid_triangle_9x9_empty,
          minmay_the_grid_triangle_9x9_windchime,
          minmay_the_grid_triangle_9x9_prize_insulated], layout_cave_pools,
          abyss_entry, serial_shops, nicolae_square_shop, pan_entry,
          serial_sigils_hangedman_scar, hell_entry, minmay_misc_feat_five,
          minmay_misc_feat_iff, serial_sigils_hangedman_snap, firewood_loft
Depths:4: minmay_guarded_unrand_majin_bo, layout_gridlike, abyss_entry,
          hell_entry, nicolae_sif_muna_condensation, pan_entry, serial_curves,
          eino_curves_03, eino_curves_04, feat_on_display,
          infiniplex_staircase_pillars_2
Depths:5: grunt_zot_entry_hairpin, layout_gridlike, serial_sigils,
          serial_sigils_hangedman_scratch, serial_sigils_hangedman_leer,
          serial_sigils_hangedman_stare, serial_sigils_hangedman_quiver,
          hell_entry, nicolae_ru_sacrificial_ziggurat, uniq_jory,
          uniq_saint_roka
Zot:1:    layout_misc_corridors, grunt_megastairs_4

Skill      XL: |  1  2  3  4  5  6  7  8  9 10 11 12 13 14 15 16 17 18 19 20 21 22 23 24 25 26 27 |
---------------+----------------------------------------------------------------------------------+-----
Stealth        | 6 7 8 9 11 13 15 16 17 19 20 21 23 24 25 27 | 27.0
Short Blades   | 3 4 5 6 8 9 10 12 13 14 | 14.0
Evocations     | 1 4 6 8 10 12 14 15 16 17 18 20 | 20.0
Dodging        | 4 6 8 9 10 11 12 14 15 16 17 18 19 | 19.8
Fighting       | 4 6 8 9 10 11 12 14 15 16 17 18 19 | 19.8
Throwing       | 4 5 8 10 12 13 15 17 | 17.3
Shields        | 4 8 9 11 13 14 15 17 | 17.5
Spellcasting   | 5 8 9 10 12 | 12.2
Translocations | 4 7 10 | 10.0

Action                   |  1- 3 |  4- 6 |  7- 9 | 10-12 | 13-15 | 16-18 | 19-21 | 22-24 | 25-27 || total
-------------------------+-------+-------+-------+-------+-------+-------+-------+-------+-------++-------
Melee: Dagger            |    55 |   109 |   242 |   256 |       |       |       |       |       ||   662
       Constrict         |    10 |    24 |    29 |    97 |   124 |   249 |   137 |   149 |   271 ||  1090
       Tentacles         |    12 |    26 |    65 |   217 |   425 |   589 |   546 |   663 |  1166 ||  3709
       Rapier            |       |       |       |   454 |  1102 |   577 |       |       |       ||  2133
       Quick blade       |       |       |       |       |       |   976 |  1402 |  1818 |  3126 ||  7322
Throw: Dart              |       |       |     2 |    21 |    13 |    10 |       |       |       ||    46
       Javelin           |       |       |       |     2 |    32 |     5 |    53 |    47 |   112 ||   251
       Boomerang         |       |       |       |       |    12 |       |    15 |       |       ||    27
Invok: Call Merchant     |       |       |       |     3 |     1 |     4 |       |       |     2 ||    10
       Potion Petition   |       |       |       |       |     1 |     1 |     2 |     2 |    11 ||    17
       Bribe Branch      |       |       |       |       |       |       |       |       |     1 ||     1
 Abil: Evoke Blink       |       |       |       |       |       |       |       |     2 |     5 ||     7
Evoke: Wand              |       |       |     8 |       |     1 |     4 |     2 |     2 |    10 ||    27
       Condenser vane    |       |       |       |       |     1 |     2 |     2 |     2 |     6 ||    13
       Tin of tremorston |       |       |       |       |       |     1 |     4 |       |     5 ||    10
  Use: Scroll            |     2 |     4 |    12 |    12 |     2 |     9 |     7 |     3 |    13 ||    64
       Potion            |       |       |     1 |       |     1 |     7 |     3 |       |    12 ||    24
 Stab: Sleeping          |    15 |    16 |    14 |    41 |    37 |    34 |    73 |    84 |   118 ||   432
       Paralysed         |       |       |     2 |       |       |     1 |       |       |     1 ||     4
       Distracted        |       |       |     4 |     4 |    21 |    65 |    86 |    88 |    63 ||   331
       Petrifying        |       |       |       |       |     1 |       |       |       |       ||     1
       Petrified         |       |       |       |       |     1 |       |       |       |       ||     1
       Invisible         |       |       |       |       |       |       |     1 |       |       ||     1
Armor: Skin              |     2 |     5 |     4 |    40 |    34 |    42 |    39 |    44 |    85 ||   295
Dodge: Dodged            |    20 |    37 |    74 |   372 |   617 |   780 |   477 |   504 |  1125 ||  4006
Block: Buckler           |       |       |       |    60 |   354 |   413 |   314 |   360 |   745 ||  2246
       Reflection        |       |       |       |       |     9 |     4 |    44 |    35 |    71 ||   163
